Map: Base du roi Sejong EC

Players

zidar

  • Race: Zerg Zerg
  • League: Gold
  • Spawn Location: 11:00

Disturbers - Winner!

  • Race: Zerg Zerg
  • League: Gold
  • Spawn Location: 5:00

VOD

Have the link to the VOD?

Description

Time

  • Played on: July 2, 2016, 12:49 p.m.
  • Length: 7:15
Show
View Real Time Build Order
Export as new Build Order

zidar Zerg 

Build Orders: Pool First 

Get SALT Encoding   

  12  0:01  Drone  
  13  0:13  Overlord  
  13  0:16  Drone  
  14  0:31  Drone x2  
  16  0:44  Spawning Pool  
  16  0:45  Drone  
  16  0:49  Drone  
  17  1:14  Hatchery  
  17  1:15  Drone  
  17  1:30  Extractor  
  17  1:31  Queen  
  18  1:33  Zergling x4  
  20  1:40  Overlord  
  20  1:58  Drone  
  21  2:01  Drone  
  21  2:06  Queen  
  24  2:21  Drone x2  
  26  2:27  Drone  
  26  2:28  Drone  
  28  2:35  Roach Warren  
  27  2:44  Extractor  
  26  2:46  Drone x5  
  30  3:05  Evolution Chamber  
  29  3:20  Roach  
  29  3:21  Roach x2  
  29  3:25  Overlord x2  
  29  3:26  Overlord  
  35  3:44  Roach  
  35  3:45  Roach x4  
  45  3:49  Ravager x2  
  45  3:50  Ravager  
  48  4:17  Roach  
  48  4:18  Roach x4  
  48  4:22  Overlord, Drone  
  59  4:46  Roach x4  
  56  5:04  Roach  
  56  5:05  Roach x3  
  31  6:33  Drone x3  
Show
View Real Time Build Order
Export as new Build Order

Disturbers Zerg - Winner!

Build Orders: Hatch First 

Get SALT Encoding   

  12  0:01  Drone  
  13  0:13  Overlord  
  13  0:18  Drone  
  14  0:32  Drone x2  
  16  0:36  Drone  
  17  0:56  Drone  
  18  0:57  Hatchery  
  17  1:05  Extractor  
  16  1:13  Spawning Pool  
  16  1:16  Drone  
  16  1:20  Drone  
  18  1:40  Drone x2  
  18  1:41  Drone  
  20  1:53  Drone  
  21  2:02  Overlord  
  21  2:04  Metabolic Boost  
  21  2:12  Drone  
  21  2:14  Zergling x2  
  23  2:16  Queen  
  23  2:20  Queen  
  27  2:35  Drone  
  28  2:39  Evolution Chamber  
  28  2:42  Drone  
  28  3:02  Zergling x10  
  28  3:04  Queen  
  35  3:07  Zerg Melee Weapons Level 1  
  35  3:15  Zergling x2  
  36  3:30  Overlord  
  36  4:03  Drone x8  
  44  4:16  Hatchery  
  43  4:39  Zergling x2  
  43  4:40  Overlord  
  43  4:41  Overlord x2  
  35  5:09  Zergling x20  
  43  5:21  Zergling x4  
  38  5:32  Zergling x4  
  30  5:40  Spine Crawler  
  30  5:41  Spine Crawler  
  23  5:53  Zergling x8  
  20  6:40  Zergling x6  
  20  6:41  Zergling x8  
  26  6:53  Zergling x4  
Tags
 
Add a new tag
Caveats
  • Supply blocks, unpowered buildings, or Contaminate may cause inaccurate times.
  • Supply counts are checked every 10 seconds.